 Dungeon Crawl Stone Soup version 0.19-a0-1899-g2d93087 (webtiles) character file.

651 Zenonira the Shield-Bearer (level 7, -9/52 HPs)
             Began as a Formicid Fighter on Oct 20, 2016.
             Mangled by Pikel
             ... wielding a +0 whip of electrocution
              (13 damage)
             ... in the Ecumenical Temple.
             The game lasted 00:06:59 (4218 turns).

Zenonira the Shield-Bearer (Formicid Fighter)       Turns: 4218, Time: 00:07:00

Health: -9/52      AC: 10    Str: 20    XL:     7   Next: 83%
Magic:  7/7        EV:  9    Int:  8    God:
Gold:   146        SH: 11    Dex: 12    Spells: 0 memorised, 6 levels left

rFire  . . .     SeeInvis +     a - +1 war axe
rCold  . . .     Gourm    .     b - +0 scale mail
rNeg   . . .     Faith    .     c - +0 shield
rPois  .         Spirit   .     (helmet unavailable)
rElec  .         Reflect  .     s - +1 cloak
rCorr  .         Harm     .     g - +0 pair of gloves
MR     .....                    (no boots)
Stlth  ..........               (no amulet)
                                (no ring)
                                (no ring)

@: no status effects
A: permanent stasis, dig shafts and tunnels, four strong arms, antennae 3
a: Dig, Shaft Self


You were in the Ecumenical Temple.
You were very hungry.

You visited 2 branches of the dungeon, and saw 5 of its levels.

You collected 146 gold pieces.

Inventory:

Hand Weapons
 a - a +1 war axe (weapon)
Armour
 b - a +0 scale mail (worn)
 c - a +0 shield (worn)
 g - a +0 pair of gloves (worn)
 l - a +0 leather armour
 s - a +1 cloak (worn)
 w - a +0 plate armour
Jewellery
 x - an uncursed ring of fire
Scrolls
 h - a scroll of remove curse
 i - 2 scrolls of amnesia
Potions
 d - a potion of might
 m - a potion of haste {unknown}
 n - 2 potions of curing {unknown}
 p - a potion of brilliance {unknown}
 t - a potion of cure mutation {unknown}
Comestibles
 f - 2 bread rations
 k - 4 meat rations


   Skills:
 - Level 3.2 Fighting
 + Level 5.9 Axes
 - Level 3.2 Armour
 + Level 7.7 Shields


You had 6 spell levels left.
You didn't know any spells.

Dungeon Overview and Level Annotations

Branches:
Dungeon (4/15)             Temple (1/1) D:4

Altars:
Ashenzari
Dithmenos
Fedhas
Hepliaklqana
Kikubaaqudgha
Makhleb
Sif Muna
Trog
Vehumet
Yredelemnul

Annotations:
Temple Pikel


Innate Abilities, Weirdness & Mutations

You are under a permanent stasis effect.
You can dig through walls and to a lower floor.
Your four strong arms can wield two-handed weapons with a shield.
You have a pair of large antennae on your head. (SInv)


Message History

Pikel barely misses you.
You hit Pikel.
Pikel is heavily wounded.
Pikel hits you with a whip of electrocution.
You slash Pikel!
Pikel is severely wounded.
You block Pikel's attack.
You hit Pikel but do no damage.
Pikel is severely wounded.
Pikel hits you with a whip of electrocution.
You are electrocuted!
* * * LOW HITPOINT WARNING * * *
Pikel barely misses you.
You barely miss Pikel.
Pikel is severely wounded.
You block Pikel's attack.
You hit Pikel.
Pikel is almost dead.
Pikel hits you but does no damage.
You are electrocuted!
You die...

_. .###. ._ ..#
... #.. #.# ._.
#.# #.# ... #.#
#.##.##.# .
#.#.#.# #
#...##...##...#
#._....@K..._.#
#...##...##...#
# #.#.#.# .
#.##.##.# #.#
... #.# #.# ._.
#.# ..# ... #..
_. .###. ._


You could see Pikel.

Vanquished Creatures
  Menkaure (D:4)
  2 slaves (D:3)
  An ogre (D:4)
  A phantom (D:4)
  A howler monkey (D:4)
  An orc priest (D:4)
  An orc wizard (D:4)
  Jessica (D:2)
  Natasha (thrice) (D:3)
  2 worker ants
  Robin (D:4)
  2 adders
  An ooze (D:3)
  A worm (D:3)
  3 leopard geckos
  11 orcs
  4 giant cockroaches
  14 goblins
  6 hobgoblins
  6 kobolds
  A quokka (D:4)
  7 bats
  3 frilled lizards
  4 rats (D:1)
78 creatures vanquished.

Notes
Turn   | Place    | Note
-------+----------+-------------------------------------------
     0 | D:1      | Zenonira the Formicid Fighter began the quest for the Orb.
     0 | D:1      | Reached XP level 1. HP: 18/18 MP: 1/1
   158 | D:1      | Reached skill level 4 in Shields
   158 | D:1      | Reached XP level 2. HP: 18/24 MP: 2/2
   489 | D:1      | Reached XP level 3. HP: 11/29 MP: 3/3
  1102 | D:2      | Noticed Jessica
  1109 | D:2      | Killed Jessica
  1109 | D:2      | Reached XP level 4. HP: 35/35 MP: 4/4
  1185 | D:2      | Found a basalt altar of Yredelemnul.
  1581 | D:2      | Reached skill level 5 in Shields
  2181 | D:3      | Noticed Natasha
  2191 | D:3      | Killed Natasha
  2191 | D:3      | Reached XP level 5. HP: 27/41 MP: 5/5
  2353 | D:3      | Noticed Natasha
  2362 | D:3      | Killed Natasha
  2624 | D:3      | Found a hazy altar of Hepliaklqana.
  2785 | D:3      | Noticed Natasha
  2794 | D:3      | Killed Natasha
  3141 | D:4      | Noticed Pikel
  3141 | D:4      | Noticed a slave
  3141 | D:4      | Noticed a slave
  3141 | D:4      | Noticed a slave
  3146 | D:4      | Noticed a slave
  3154 | D:3      | Killed a slave
  3161 | D:3      | Killed a slave
  3513 | D:4      | Reached XP level 6. HP: 47/47 MP: 6/6
  3526 | D:4      | Noticed Robin
  3550 | D:4      | Killed Robin
  3550 | D:4      | Reached skill level 6 in Shields
  3594 | D:4      | Noticed an ogre
  3605 | D:4      | Killed an ogre
  3633 | D:4      | Reached skill level 5 in Axes
  3636 | D:4      | Reached XP level 7. HP: 8/52 MP: 7/7
  3650 | D:4      | Reached skill level 7 in Shields
  3910 | D:4      | Found a staircase to the Ecumenical Temple.
  3973 | D:4      | Noticed Menkaure
  3977 | D:4      | Killed Menkaure
  4189 | Temple   | Entered the Ecumenical Temple
  4218 | Temple   | Mangled by Pikel

Vault maps used:
D:1:      nagdon_arrival_zigzag_paths
D:2:      yredelemnul_altar_generic, uniq_jessica
D:3:      lemuel_round_altar, uniq_natasha
D:4:      first_bread, uniq_pikel, uniq_menkaure, uniq_robin
Temple:   eino_narrow_crystal_temple

Skill      XL: |  1  2  3  4  5  6  7 |
---------------+----------------------+-----
Shields        | 4 5 6 7 |  7.7
Axes           | 3 4 5 |  5.9
Fighting       | |  3.2
Armour         | |  3.2

Action                   |  1- 3 |  4- 6 |  7- 9 || total
-------------------------+-------+-------+-------++-------
Melee: War axe           |    76 |   155 |    58 ||   289
 Abil: Dig               |       |     2 |       ||     2
  Use: Scroll            |       |     8 |       ||     8
       Potion            |       |       |     2 ||     2
  Eat: Chunk             |       |     9 |     1 ||    10
Armor: Scale mail        |    19 |    16 |    16 ||    51
       Leather armour    |    12 |    49 |       ||    61
Dodge: Dodged            |    37 |    51 |    14 ||   102
Block: Shield            |    36 |    96 |    33 ||   165
